 Dungeon Crawl Stone Soup version 0.23.1-41-g7e51ed3 (webtiles) character file.

Game seed: 3131206712651175309

12846 MalarOregon the Blocker (level 11, -5/79 HPs)
             Began as a Merfolk Fighter on Mar 29, 2019.
             Was a Believer of the Shining One.
             Slain by a seven-headed hydra (11 damage)
             ... on level 2 of the Lair of Beasts.
             The game lasted 00:19:09 (12467 turns).

MalarOregon the Blocker (Merfolk Fighter)          Turns: 12467, Time: 00:19:10

Health: -5/79      AC: 15    Str: 18    XL:     11   Next: 99%
Magic:  11/11      EV:  7    Int: 10    God:    the Shining One [**....]
Gold:   417        SH: 20    Dex: 13    Spells: 10/10 levels left

rFire    . . .     SeeInvis .   b - +1 spear (venom)
rCold    . . .     Gourm    +   G - +1 large shield {rN+}
rNeg     + + .     Faith    .   k - +1 plate armour
rPois    .         Spirit   .   t - +2 helmet
rElec    .         Reflect  .   (no cloak)
rCorr    .         Harm     .   (no gloves)
MR       .....                  (boots currently unavailable)
Stlth    ..........             B - amulet of the gourmand
HPRegen  0.23/turn              (no ring)
MPRegen  0.12/turn              (no ring)

@: glowing, very quick
A: change form in water, swift swim, stealthy swim
a: Divine Shield, Renounce Religion


You were on level 2 of the Lair of Beasts.
You worshipped the Shining One.
The Shining One was pleased with you.
You were completely stuffed.

You visited 3 branches of the dungeon, and saw 11 of its levels.
You also visited: Sewer and Bailey.

You collected 627 gold pieces.
You spent 210 gold pieces at shops.

Inventory:

Hand Weapons
 a - a +1 trident
 b - a +1 spear of venom (weapon)
   (You found it on level 2 of the Dungeon)
Missiles
 w - a throwing net (quivered) {!f}
Armour
 k - a +1 plate armour (worn)
   (You found it on level 1 of the Dungeon)
 m - a +0 pair of boots (melded)
   (You found it on level 1 of the Dungeon)
 t - a +2 helmet (worn)
   (You found it on level 2 of the Dungeon)
 G - a +1 large shield of positive energy (worn)
   (You found it in a bailey)
Jewellery
 q - an uncursed ring of fire
   (You found it on level 2 of the Dungeon)
 z - an uncursed ring of wizardry {unknown}
   (You found it on level 5 of the Dungeon)
 B - an amulet of the gourmand (around neck)
   (You found it on level 3 of the Dungeon)
 I - an uncursed ring of magical power {unknown}
   (You found it on level 7 of the Dungeon)
Wands
 d - a wand of iceblast (11)
   (You found it on level 8 of the Dungeon)
 v - a wand of digging (8)
   (You found it on level 6 of the Dungeon)
 H - a wand of enslavement (2)
   (You found it on level 7 of the Dungeon)
Scrolls
 g - 2 scrolls of amnesia
 i - 12 scrolls of remove curse {@r2}
 l - 2 scrolls of immolation {!r}
 o - 2 scrolls of blinking
 p - 4 scrolls of enchant weapon
 y - 3 scrolls of teleportation {@r4}
Potions
 f - a potion of might
 h - 2 potions of lignification {!q}
 j - a potion of brilliance
 n - 3 potions of haste {@q3}
 r - a potion of ambrosia
 s - 5 potions of curing {@q1}
 u - 2 potions of resistance
 A - a potion of flight {unknown}
 C - a potion of heal wounds {@q2}
 F - a potion of cancellation
Miscellaneous
 x - a phial of floods (inert)
   (You found it in a sewer)
Comestibles
 c - 3 chunks of flesh
 e - 17 rations {!d}


   Skills:
 + Level 5.1 Fighting
 - Level 14.0 Polearms
 + Level 3.4 Armour
 + Level 4.4 Dodging
 + Level 14.4 Shields


You had 10 spell levels left.
You didn't know any spells.
Your spell library contained the following spells:

 Spells                   Type           Power        Failure   Level  Hunger
 Confusing Touch          Hex            #.....       100%        1    ##.....
 Infusion                 Chrm           #...         100%        1    ##.....
 Shroud of Golubria       Chrm/Tloc      #.........   100%        2    ###....
 Confuse                  Hex            #.......     100%        3    ####...
 Conjure Flame            Conj/Fire      #.......     100%        3    ####...
 Gell's Gravitas          Tloc           #.........   100%        3    ####...
 Force Lance              Conj/Tloc      #.......     100%        4    #####..
 Petrify                  Tmut/Erth      #.......     100%        4    #####..
 Metabolic Englaciation   Hex/Ice        #.........   100%        5    ######.
 Yara's Violent Unravell  Hex/Tmut       #.........   100%        5    ######.
 Ignition                 Fire           #.........   100%        8    #######


Dungeon Overview and Level Annotations

Branches:
Dungeon (8/15)             Temple (1/1) D:6            Lair (2/6) D:8
  Swamp: Lair:2-4    Shoals: Lair:2-4     Snake: Lair:2-4    Spider: Lair:2-4

Altars:
Ashenzari
Cheibriados
Dithmenos
Elyvilon
Fedhas
Gozag
Hepliaklqana
Kikubaaqudgha
Makhleb
Nemelex Xobeh
Okawaru
Qazlal
Ru
Sif Muna
Trog
Uskayaw
Vehumet
Xom
Yredelemnul
Zin
The Shining One

Shops:
D:5 ?

Annotations:
D:5 3 runed translucent doors, Tramtrist's ghost, novice DsBe


Message History

You block the seven-headed hydra's attack.
The seven-headed hydra bites you but does no damage.
You block the seven-headed hydra's attack.
The seven-headed hydra bites you.
* * * LOW HITPOINT WARNING * * *
The seven-headed hydra closely misses you.
The seven-headed hydra bites you but does no damage.
You block the seven-headed hydra's attack.
The seven-headed hydra bites you but does no damage. x3
You block the seven-headed hydra's attack. x2
Okay, then.
You don't have any such object.
Aim the phial where?
Aim: a seven-headed hydra (moderately wounded, poisoned, haloed)
The torrent of water hits the seven-headed hydra!
The wave splashes down.
Your legs become a tail as you dive into the water.
Your +0 pair of boots melds into your body.
Floosh!
The water rises up and takes form.
You hear an angry hiss.
You block the seven-headed hydra's attack.
The seven-headed hydra bites you but does no damage.
You block the seven-headed hydra's attack.
The seven-headed hydra bites you but does no damage.
The seven-headed hydra completely misses you.
The seven-headed hydra bites you but does no damage.
The seven-headed hydra bites you.
* * * LOW HITPOINT WARNING * * *
You hit the seven-headed hydra.
The seven-headed hydra looks as sick as possible!
You block the seven-headed hydra's attack.
The seven-headed hydra barely misses you.
The seven-headed hydra bites you but does no damage.
The seven-headed hydra bites you!
* * * LOW HITPOINT WARNING * * *
The seven-headed hydra barely misses you.
The seven-headed hydra bites you but does no damage. x2
You hit the seven-headed hydra.
Unknown command.
You hit the seven-headed hydra.
You block the seven-headed hydra's attack.
The seven-headed hydra closely misses you.
The seven-headed hydra bites you!
* * * LOW HITPOINT WARNING * * *
You block the seven-headed hydra's attack.
The seven-headed hydra bites you but does no damage.
You block the seven-headed hydra's attack.
The seven-headed hydra bites you!
You die...

#............#.#............#
##...........#............###
##............#..........#
#.........#..#.........##
#P..............._....##
#.........#...........P#
#P##.....##...#.....####
############≈≈#......# ...##
#@#.#..P###
#....######D##.####
#...†..##≈E#### #.......≈≈≈P#
#.............#
#.................
#..................
#...........#.###..
..(.........#.# ..


You could see a seven-headed hydra and a friendly water elemental.

Vanquished Creatures
  2 hydras (Lair:1)
  A two-headed ogre (D:8)
  3 orc knights (Bailey)
  4 spiny frogs
  2 komodo dragons
  4 hippogriffs
  13 yaks
  4 hogs (D:7)
  A wyvern (D:8)
  A human (D:7)
  4 porcupines (Lair:1)
  3 water moccasins (Lair:1)
  6 orc warriors
  A sky beast (D:8)
  A necrophage (D:3)
  2 phantoms
  A black bear (Lair:1)
  3 ogres
  4 wolves (Lair:1)
  A crocodile (Lair:1)
  11 bullfrogs
  3 scorpions
  A wight (D:6)
  2 crimson imps
  A hound (D:7)
  2 centaur skeletons (D:6)
  2 jellies
  7 orc priests
  9 orc wizards
  3 bullfrog skeletons
  2 iguanas
  4 worker ants
  A hound zombie (D:6)
  2 hound skeletons (D:4)
  A worker ant zombie (D:7)
  6 adders
  A gnoll (D:6)
  4 shadow imps
  9 oozes (Sewer)
  An adder zombie (D:5)
  5 worms
  3 dart slugs (D:1)
  10 leopard geckos
  36 orcs
  8 ball pythons
  16 giant cockroaches
  3 hobgoblins
  8 jackals
  5 quokkas
  7 bats
  11 frilled lizards
  5 goblins
  6 kobolds
  A leopard gecko skeleton (D:4)
  10 rats
267 creatures vanquished.

Vanquished Creatures (others)
  A plant (D:8)
1 creature vanquished.

Grand Total: 268 creatures vanquished

Notes
Turn   | Place    | Note
-------+----------+-------------------------------------------
     0 | D:1      | MalarOregon the Merfolk Fighter began the quest for the
                  | Orb.
     0 | D:1      | Reached XP level 1. HP: 18/18 MP: 1/1
    71 | D:1      | Reached XP level 2. HP: 23/24 MP: 2/2
   310 | D:1      | Reached XP level 3. HP: 29/29 MP: 3/3
   834 | D:2      | Reached XP level 4. HP: 35/35 MP: 4/4
   953 | D:2      | Found a faded altar of an unknown god.
  1522 | D:3      | Noticed a necrophage
  1548 | D:3      | Killed a necrophage
  1548 | D:3      | Reached skill level 5 in Polearms
  1548 | D:3      | Reached skill level 5 in Shields
  1548 | D:3      | Reached XP level 5. HP: 37/40 MP: 5/5
  2316 | D:3      | Found a hazy altar of Hepliaklqana.
  2423 | D:4      | Reached XP level 6. HP: 41/46 MP: 6/6
  2925 | D:4      | Reached XP level 7. HP: 25/51 MP: 7/7
  3352 | D:5      | Entered Level 5 of the Dungeon
  3383 | D:5      | Found Fuvofu's Magic Scroll Shoppe.
  3438 | D:5      | Found a runed translucent gate.
  3438 | D:5      | Found a runed translucent gate.
  3439 | D:5      | Found a runed translucent gate.
  3439 | D:5      | Noticed Tramtrist's ghost (novice DsBe)
  3525 | D:5      | Found a snail-covered altar of Cheibriados.
  3943 | D:5      | Bought a scroll of identify for 28 gold pieces
  3943 | D:5      | Bought a scroll of identify for 28 gold pieces
  3943 | D:5      | Bought a scroll of identify for 28 gold pieces
  3943 | D:5      | Bought a scroll of teleportation for 42 gold pieces
  3943 | D:5      | Bought a scroll of remove curse for 42 gold pieces
  3943 | D:5      | Bought a scroll of remove curse for 42 gold pieces
  4239 | D:6      | Found a staircase to the Ecumenical Temple.
  4283 | D:6      | Found a glowing drain.
  4408 | Sewer    | Entered a sewer
  4681 | Sewer    | Reached XP level 8. HP: 40/57 MP: 8/8
  5505 | D:6      | Found a stormy altar of Qazlal.
  5696 | Temple   | Entered the Ecumenical Temple
  5892 | Temple   | Became a worshipper of the Shining One
  6068 | D:7      | Noticed a hippogriff
  6082 | D:7      | Killed a hippogriff
  6082 | D:7      | Reached XP level 9. HP: 39/63 MP: 9/9
  6092 | D:7      | Found a deep blue altar of Sif Muna.
  6126 | D:7      | Identified Sif Muna's Compendium of Enhancements
  6244 | D:7      | Reached skill level 10 in Shields
  6324 | D:7      | Reached skill level 10 in Polearms
  6833 | D:7      | Reached * piety under the Shining One
  6861 | D:7      | Reached XP level 10. HP: 69/69 MP: 10/10
  6877 | D:7      | Found a deep blue altar of Sif Muna.
  6883 | D:7      | Found a shattered altar of Ashenzari.
  7141 | D:8      | Found a flagged portal.
  7155 | D:8      | Noticed a two-headed ogre
  7161 | Bailey   | Entered a bailey
  7388 | Bailey   | Noticed an orc knight
  7388 | Bailey   | Noticed an orc knight
  7879 | Bailey   | Killed an orc knight
  8265 | Bailey   | Killed an orc knight
  8436 | Bailey   | Identified Tacs's Tome of Quantum Flames
  8450 | Bailey   | Noticed an orc knight
  8486 | Bailey   | Killed an orc knight
  8850 | D:8      | Killed a two-headed ogre
  8874 | D:8      | Reached XP level 11. HP: 16/74 MP: 11/11
  9620 | D:8      | Found a staircase to the Lair.
  9663 | Lair:1   | Entered Level 1 of the Lair of Beasts
 10389 | Lair:1   | Reached ** piety under the Shining One
 10391 | Lair:1   | Noticed an eight-headed hydra
 10402 | Lair:1   | Killed an eight-headed hydra
 10411 | Lair:1   | Reached skill level 1 in Dodging
 11945 | Lair:2   | Noticed a five-headed hydra
 11982 | Lair:1   | Killed a five-headed hydra
 12363 | Lair:2   | Reached skill level 5 in Fighting
 12377 | Lair:2   | Found a shimmering altar of Xom.
 12437 | Lair:2   | Noticed a seven-headed hydra
 12467 | Lair:2   | Slain by a seven-headed hydra

Skill      XL: |  1  2  3  4  5  6  7  8  9 10 11 |
---------------+----------------------------------+-----
Shields        | 4 5 6 7 9 11 13 14 | 14.4
Polearms       | 4 5 6 7 9 11 13 14 | 14.0
Dodging        | 4 |  4.4
Fighting       | 5 |  5.1
Armour         | 3 |  3.4

Action                   |  1- 3 |  4- 6 |  7- 9 | 10-12 || total
-------------------------+-------+-------+-------+-------++-------
Melee: Trident           |   143 |    13 |    15 |       ||   171
       Spear             |    12 |   142 |   553 |   675 ||  1382
       Tailslap          |       |       |     7 |       ||     7
Evoke: Phial of floods   |       |       |       |     1 ||     1
  Use: Scroll            |     1 |     6 |     8 |     6 ||    21
       Potion            |       |       |       |     5 ||     5
  Eat: Chunk             |       |     7 |    29 |    18 ||    54
Armor: Scale mail        |    15 |       |       |       ||    15
       Plate armour      |    83 |   103 |   163 |   134 ||   483
Dodge: Dodged            |    16 |    26 |    41 |    52 ||   135
Block: Shield            |    71 |    74 |   178 |    60 ||   383
       Large shield      |       |       |       |   270 ||   270
